Map: Odyssey LE

Players

LigerMaNN - Winner!

  • Race: Zerg Zerg
  • League: Diamond
  • Spawn Location: 5:00

natedog

  • Race: Terran Terran
  • League: Diamond
  • Spawn Location: 11:00

VOD

Have the link to the VOD?

Description

Time

  • Played on: Dec. 28, 2017, 7:47 p.m.
  • Length: 15:11
Show
View Real Time Build Order
Export as new Build Order

LigerMaNN Zerg - Winner!

Build Orders: Hatch First 

Get SALT Encoding   

  12  0:05  Drone  
  13  0:15  Overlord  
  13  0:18  Drone  
  14  0:33  Drone  
  14  0:34  Drone  
  16  0:38  Drone  
  17  0:56  Hatchery  
  16  0:58  Drone  
  16  1:01  Drone  
  18  1:12  Extractor  
  18  1:17  Spawning Pool  
  16  1:19  Drone  
  16  1:23  Drone  
  18  1:30  Drone  
  19  1:41  Drone  
  20  1:52  Overlord  
  20  2:08  Queen x2  
  24  2:09  Zergling x4  
  24  2:15  Metabolic Boost  
  26  2:18  Drone  
  26  2:20  Drone  
  28  2:24  Drone  
  28  2:29  Overlord  
  28  2:55  Hatchery  
  28  2:57  Pneumatized Carapace  
  26  3:04  Drone  
  26  3:05  Drone x4  
  30  3:21  Drone  
  30  3:22  Drone x2  
  33  3:31  Queen  
  33  3:33  Drone x5  
  33  3:34  Drone  
  41  4:01  Drone  
  41  4:02  Drone x2  
  44  4:03  Overlord x2  
  44  4:16  Spore Crawler  
  43  4:17  Overlord x4, Spore Crawler  
  42  4:32  Drone x2  
  42  4:33  Drone  
  42  4:34  Spore Crawler, Extractor, Drone x2  
  42  4:36  Zergling x16  
  53  4:42  Lair  
  53  5:00  Zergling x12  
  59  5:10  Drone x4  
  59  5:11  Drone  
  64  5:21  Queen  
  66  5:30  Extractor, Drone x3  
  66  5:31  Extractor, Drone x3  
  66  5:57  Zergling x18  
  66  6:02  Baneling Nest  
  70  6:05  Zergling x4  
  70  6:06  Zergling x2  
  70  6:08  Overseer  
  73  6:11  Overseer  
  73  6:17  Drone  
  73  6:18  Drone x2  
  76  6:25  Hatchery  
  74  6:36  Drone  
  74  6:37  Drone x7  
  74  6:39  Extractor  
  81  6:40  Extractor  
  81  6:41  Hatchery  
  81  6:42  Hydralisk Den  
  81  6:44  Centrifical Hooks  
  81  6:45  Evolution Chamber  
  81  6:46  Drone  
  78  6:47  Drone x4  
  78  6:49  Overlord x2  
  78  6:50  Overlord  
  78  6:51  Evolution Chamber  
  80  7:11  Muscular Augments  
  80  7:15  Zerg Melee Weapons Level 1, Infestation Pit  
  79  7:17  Zerg Ground Armor Level 1  
  79  7:28  Queen  
  79  7:29  Queen x2  
  85  7:36  Drone x11  
  85  7:37  Drone x7  
  83  7:53  Hydralisk  
  83  7:54  Hydralisk x3  
  91  7:59  Drone x2  
  91  8:00  Drone x3  
  86  8:22  Hydralisk x6  
  96  8:47  Drone  
  96  8:48  Drone x2  
  99  8:50  Hive  
  99  8:53  Drone x7  
  106  8:56  Spore Crawler  
  106  8:59  Spine Crawler  
  106  9:02  Spine Crawler  
  103  9:04  Spine Crawler  
  95  9:12  Hydralisk, Spire  
  95  9:13  Hydralisk x7  
  96  9:37  Queen x2  
  96  9:38  Queen  
  99  9:50  Drone  
  99  9:51  Drone x18  
  118  10:12  Zerg Melee Weapons Level 2  
  118  10:13  Zerg Ground Armor Level 2  
  118  10:14  Adrenal Glands  
  118  10:22  Ultralisk Cavern  
  118  10:27  Greater Spire  
  118  10:43  Overlord x6  
  118  10:57  Extractor x2, Queen  
  118  11:39  Corruptor x4  
  120  11:40  Corruptor x6  
  120  11:42  Queen x4  
  146  12:17  Queen x2  
  146  12:18  Hatchery, Queen x2  
  153  12:28  Brood Lord x5  
  153  12:29  Brood Lord, Zerg Missile Weapons Level 1  
  165  12:34  Zergling x2  
  165  12:35  Overlord x5  
  165  12:36  Overlord x3  
  166  12:56  Brood Lord  
  166  12:57  Brood Lord  
  170  12:59  Zergling x54  
  197  13:14  Brood Lord  
  199  13:22  Spine Crawler  
  199  13:23  Brood Lord  
  200  14:35  Spine Crawler  
  200  14:38  Spine Crawler x2  
  197  15:02  Spore Crawler  
Show
View Real Time Build Order
Export as new Build Order

natedog Terran 

Build Orders: Reaper Expand, MMM Bio 

Get SALT Encoding   

  12  0:01  SCV  
  13  0:13  SCV  
  14  0:17  Supply Depot  
  14  0:25  SCV  
  15  0:39  SCV  
  15  0:41  Barracks  
  16  0:44  Refinery  
  16  0:51  SCV  
  17  1:06  SCV  
  19  1:18  SCV  
  19  1:29  Reaper  
  19  1:30  Orbital Command  
  20  1:42  Command Center  
  20  1:56  SCV  
  20  1:57  Supply Depot  
  21  2:03  Marine  
  22  2:08  Ghost Academy  
  22  2:12  SCV, Refinery  
  23  2:23  Marine  
  23  2:29  Barracks  
  25  3:00  Barracks Tech Lab  
  24  3:23  Orbital Command, Ghost  
  24  3:24  Barracks Tech Lab  
  26  3:29  Barracks  
  26  3:36  Factory  
  26  3:52  Marine  
  27  4:09  Ghost  
  27  4:16  Barracks Tech Lab  
  29  4:18  SCV  
  30  4:27  SCV  
  30  4:28  Bunker  
  30  4:29  Starport  
  31  4:34  SCV  
  31  4:36  Command Center  
  31  4:38  Ghost  
  34  4:46  Factory Reactor  
  34  4:48  SCV x2  
  36  4:55  Supply Depot  
  36  5:00  SCV  
  36  5:01  Ghost  
  36  5:04  Marine  
  40  5:10  SCV  
  40  5:12  SCV  
  42  5:25  Medivac  
  44  5:32  Hellion x2  
  40  6:12  Orbital Command  
  40  6:15  Hellion x2  
  40  6:16  Medivac  
  46  6:18  Stimpack, Combat Shields  
  46  6:21  Marine x3  
  46  6:24  SCV x2, Supply Depot  
  51  6:43  SCV  
  51  6:44  SCV  
  53  6:49  Supply Depot  
  53  6:50  Supply Depot  
  53  6:53  Starport Tech Lab  
  53  7:05  SCV x2  
  53  7:07  SCV  
  56  7:09  Hellion  
  56  7:10  Hellion  
  60  7:17  SCV x2  
  62  7:39  Marine x3  
  65  7:59  Marine x3  
  68  8:15  Hellion x2  
  68  8:17  Marine x3  
  75  8:27  Cloaking Field, Banshee  
  75  8:32  SCV x2  
  80  8:34  Marine  
  80  8:35  Marine x2  
  80  8:36  Hellion x2  
  77  8:41  Concussive Shells  
  77  8:42  Orbital Command  
  77  8:51  Engineering Bay  
  77  8:52  Marine x2  
  77  8:53  Marine  
  80  8:57  Hellion x2  
  80  9:02  Refinery x2  
  84  9:10  Marine x3  
  87  9:19  Hellion x2  
  89  9:28  Unknown x3  
  89  9:29  Unknown  
  87  9:51  Marine x3  
  90  9:54  Hellion  
  92  10:04  Factory  
  92  10:07  Supply Depot  
  92  10:08  Terran Infantry Weapons Level 1  
  92  10:09  Marine, Supply Depot x2  
  92  10:10  Supply Depot  
  92  10:12  Armory  
  93  10:29  SCV x2  
  93  10:30  Supply Depot  
  95  10:40  Siege Tank  
  98  10:44  Medivac x2  
  98  10:45  SCV  
  98  10:48  SCV  
  98  10:49  SCV, Marine x2  
  107  10:52  Marine  
  109  10:57  SCV  
  109  11:00  SCV  
  109  11:01  SCV  
  109  11:02  Missile Turret  
  109  11:03  Bunker  
  111  11:04  Missile Turret  
  111  11:07  Marauder, Marine  
  111  11:09  SCV  
  111  11:10  Marauder  
  117  11:16  Factory Tech Lab  
  117  11:17  Siege Tank  
  120  11:20  Medivac x2  
  120  11:22  SCV x2  
  120  11:24  Marine  
  127  11:26  SCV, Bunker  
  127  11:28  Marine  
  127  11:30  Terran Vehicle And Ship Armor Level 1  
  127  11:31  Marine  
  127  11:32  Armory  
  130  11:34  SCV x2, Engineering Bay  
  130  11:38  SCV  
  133  11:44  Unknown  
  133  11:49  Bunker  
  133  11:50  Bunker  
  133  12:10  Supply Depot  
  133  12:12  Supply Depot  
  133  12:14  Supply Depot  
  133  12:15  Terran Infantry Armor Level 1, Supply Depot  
  133  12:16  Terran Infantry Weapons Level 2  
  133  12:22  Terran Vehicle Weapons Level 1  
  133  12:23  Command Center  
  133  12:27  Factory, Infernal Pre-Igniter  
  133  12:32  Siege Tank x2, Marauder  
  133  12:33  SCV x3, Marine, Refinery  
  133  12:34  Marauder, Refinery, Supply Depot  
  147  12:46  SCV x3  
  150  12:51  Marine, Missile Turret  
  150  12:54  Marauder  
  150  12:55  Marauder, Supply Depot  
  150  12:58  SCV x3  
  158  13:06  Siege Tank x2  
  158  13:09  Marine  
  158  13:10  SCV x3  
  168  13:14  Marine  
  168  13:16  Marine  
  170  13:21  Missile Turret  
  170  13:25  Liberator x2  
  170  13:35  Factory Reactor  
  170  13:36  Command Center  
  170  13:47  Starport, Command Center  
  176  13:50  SCV x2  
  176  13:51  Marauder x2  
  182  14:10  Bunker  
  167  14:25  Viking x2  
  112  14:47  Marine x3  
Tags
 
Add a new tag
Caveats
  • Supply blocks, unpowered buildings, or Contaminate may cause inaccurate times.
  • Supply counts are checked every 10 seconds.